 Dungeon Crawl Stone Soup version 0.20.1-1-g8b1a95d (webtiles) character file.

137 Glalom the Grave Robber (level 5, 0/35 HPs)
             Began as a Vampire Necromancer on Nov 4, 2017.
             Killed by divine providence
             ... invoked by an orc priest
              (12 damage)
             ... on level 3 of the Dungeon.
             The game lasted 00:08:16 (3473 turns).

Glalom the Grave Robber (Vampire Necromancer)       Turns: 3473, Time: 00:08:17

Health: 0/35       AC:  2    Str:  7    XL:     5   Next: 0%
Magic:  0/9        EV: 13    Int: 19    God:
Gold:   109        SH:  0    Dex: 14    Spells: 4/9 levels left

rFire    . . .     SeeInvis +   g - +0 dagger
rCold    + + .     Gourm    .   (no shield)
rNeg     + + +     Faith    .   a - +0 robe
rPois    ∞         Spirit   .   (no helmet)
rElec    .         Reflect  .   r - scarf {cloud immunity}
rCorr    .         Harm     .   (no gloves)
MR       .....                  (no boots)
Stlth    +++++.....             (no amulet)
Regen    0.0/turn               (no ring)
MPRegen  0.2/turn               (no ring)

@: very slightly contaminated, bloodless, non-regenerating
A: fangs 3, see invisible, unbreathing
a: Bat Form


You were on level 3 of the Dungeon.
You were bloodless.

You visited 1 branch of the dungeon, and saw 3 of its levels.

You collected 109 gold pieces.

Inventory:

Hand Weapons
 d - a +0 club
 g - a +0 dagger (weapon)
 q - a cursed -2 falchion
Armour
 a - a +0 robe (worn)
 r - a scarf of cloud immunity (worn)
Scrolls
 f - a scroll of identify
 h - 2 scrolls of teleportation {unknown}
 i - a scroll of amnesia {unknown}
 j - a scroll of remove curse {unknown}
 n - a scroll of random uselessness {unknown}
Potions
 c - 16 potions of blood
 e - a potion of curing {unknown}
 k - a potion of cancellation {unknown}
 l - 2 potions of haste {unknown}
 m - 2 potions of ambrosia {unknown}
 o - 2 potions of brilliance {unknown}
 p - a potion of flight {unknown}
Books
 b - a book of Necromancy

   Spells                             Type                      Level
   a - Pain                           Necromancy                   1
   b - Animate Skeleton               Necromancy                   1
   c - Vampiric Draining              Necromancy                   3
   d - Regeneration                   Charms/Necromancy            3
   e - Animate Dead                   Necromancy                   4
   f - Control Undead                 Necromancy                   4


   Skills:
 + Level 2.4 Dodging
 - Level 4.2 Stealth
 + Level 2.9 Spellcasting
 * Level 5.9 Necromancy


You had 4 spell levels left.
You knew the following spells:

 Your Spells              Type           Power        Failure   Level  Hunger
a - Pain                  Necr           ####         1%          1    None
b - Animate Skeleton      Necr           N/A          1%          1    None
c - Vampiric Draining     Necr           ####......   4%          3    ###....


Dungeon Overview and Level Annotations

Branches:
Dungeon (3/15)

Altars:
Ashenzari
Ru
Trog


Innate Abilities, Weirdness & Mutations

You do not heal naturally.
You are immune to poison.
You have razor-sharp teeth.
You have supernaturally acute eyesight. (SInv)
You can survive without breathing.


Message History

Aiming: Vampiric Draining
Press: ? - help, Shift-Dir - straight line, f/p - orc priest
Aim: an orc priest, wielding an enchanted war axe (lightly wounded)
The orc priest is severely wounded.
You feel life coursing into your body. The orc priest completely misses you.
The orc priest calls down the wrath of Beogh upon you.
Beogh smites you!
You hear a shout! x2
The orc priest looks encouraged for a moment.
Casting: Vampiric Draining
Confirm with . or Enter, or press ? or * to list all spells.
Aiming: Pain
Press: ? - help, Shift-Dir - straight line, f/p - orc priest
Aim: an orc priest, wielding an enchanted war axe (severely wounded, chance to defeat MR: 84%)
You miscast Pain.
You are very lightly contaminated with residual magic.
Strange energies run through your body.
The orc priest mumbles some strange prayers to Beogh against you.
Beogh smites you!
You die...

#..#...## #.
#.#######..##.## "
...........##.# . .
#.#######.###.# .. #.
#.....>.......#
#..#.##..######.#####
#........ #.#
.....o..#######.#
#..o..@....#
#.########## #. .o
o.. ####


You could see an orc priest and an orc wizard.

Vanquished Creatures
  6 adders
  An ooze (D:2)
  A dart slug (D:1)
  A leopard gecko (D:1)
  5 orcs (D:3)
  6 giant cockroaches
  8 goblins
  9 hobgoblins
  2 jackals (D:3)
  A quokka (D:3)
  6 bats
  7 frilled lizards
  8 kobolds (D:1)
  7 rats
68 creatures vanquished.

Vanquished Creatures (collateral kills)
  A hobgoblin (D:1)
1 creature vanquished.

Grand Total: 69 creatures vanquished

Notes
Turn   | Place    | Note
-------+----------+-------------------------------------------
     0 | D:1      | Glalom the Vampire Necromancer began the quest for the Orb.
     0 | D:1      | Reached XP level 1. HP: 13/13 MP: 3/3
   388 | D:1      | Reached XP level 2. HP: 19/19 MP: 3/5
   435 | D:1      | Learned a level 1 spell: Animate Skeleton
  1197 | D:1      | Reached skill level 5 in Necromancy
  1204 | D:1      | Reached XP level 3. HP: 19/24 MP: 0/6
  1687 | D:1      | Learned a level 3 spell: Vampiric Draining
  2337 | D:2      | Found a bloodstained altar of Trog.
  2501 | D:2      | Found a shattered altar of Ashenzari.
  2788 | D:2      | Reached XP level 4. HP: 15/30 MP: 2/7
  2918 | D:2      | Found a sacrificial altar of Ru.
  3468 | D:3      | Reached XP level 5. HP: 20/35 MP: 4/9
  3473 | D:3      | Killed from afar by an orc priest

Skill      XL: |  1  2  3 |
---------------+----------+-----
Necromancy     | 5 |  5.9
Stealth        | 4 |  4.2
Dodging        | |  2.4
Spellcasting   | |  2.9

Action                   |  1- 3 |  4- 6 || total
-------------------------+-------+-------++-------
Melee: Club              |     1 |       ||     1
       Dagger            |    16 |     5 ||    21
       Bite              |     3 |     1 ||     4
 Cast: Pain              |    84 |    31 ||   115
       Animate Skeleton  |    11 |       ||    11
       Vampiric Draining |     1 |     4 ||     5
  Use: Scroll            |       |     1 ||     1
 Stab: Sleeping          |       |     1 ||     1
Armor: Robe              |     2 |       ||     2
Dodge: Dodged            |    20 |     3 ||    23
